 Dungeon Crawl Stone Soup version 0.17.0-28-g6e173f8 (console) character file.

691 Kloppie the Basher (level 7, -4/52 HPs)
             Began as a Formicid Fighter on Dec 2, 2015.
             Was an Initiate of the Shining One.
             Splashed by a jelly's acid (7 damage)
             ... on level 4 of the Dungeon.
             The game lasted 00:06:41 (3677 turns).

Kloppie the Basher (Formicid Fighter)               Turns: 3677, Time: 00:06:41

Health: -4/52      AC: -5    Str: 21    XL:     7   Next: 95%
Magic:  7/7        EV:  7    Int:  7    God:    the Shining One [......]
Gold:   176        SH:  9    Dex: 12    Spells: 0 memorised, 6 levels left

rFire  . . .     SeeInvis +     a - +0 flail
rCold  . . .     Clarity  .     b - +0 scale mail
rNeg   . . .     SustAt   .     c - +0 shield
rPois  .         Gourm    .     (helmet unavailable)
rElec  .         Spirit   .     w - +2 cloak
rCorr  .         Warding  .     (no gloves)
rMut   .         Stasis   +     (no boots)
MR     .....                    (no amulet)
Stlth  ..........               (no ring)
                                (no ring)

@: corroded equipment, not resistant to hostile enchantments, extremely
unstealthy
A: permanent stasis, dig shafts and tunnels, four strong arms, antennae 3
a: Dig, Shaft Self, Renounce Religion


You were on level 4 of the Dungeon.
You worshipped the Shining One.
The Shining One was noncommittal.
You were not hungry.

You visited 2 branches of the dungeon, and saw 6 of its levels.

You collected 176 gold pieces.

Inventory:

Hand Weapons
 a - a +0 flail (weapon)
Armour
 b - a +0 scale mail (worn)
 c - a +0 shield (worn)
 w - a +2 cloak (worn)
Jewellery
 y - an uncursed ring of protection from magic {unknown}
Wands
 q - a wand of disintegration (17)
Scrolls
 h - 11 scrolls of identify {unknown}
 i - 2 scrolls of noise {unknown}
 k - a scroll of random uselessness {unknown}
 l - 3 scrolls of enchant weapon {unknown}
 n - 2 scrolls of recharging {unknown}
 r - a scroll of teleportation {unknown}
 s - 4 scrolls of remove curse {unknown}
 t - a scroll of blinking {unknown}
 v - a scroll of immolation {unknown}
Potions
 f - 4 potions of heal wounds {unknown}
 g - 2 potions of lignification {unknown}
 j - a potion of mutation {unknown}
 m - a potion of curing {unknown}
 o - a potion of agility {unknown}
 p - a potion of brilliance {unknown}
 u - a potion of haste {unknown}
 z - a potion of flight {unknown}
Books
 x - a book of Spatial Translocations

   Spells                             Type                      Level
   a - Apportation                    Translocation                1
   b - Blink                          Translocation                2
   c - Shroud of Golubria             Charms/Translocation         2
   d - Portal Projectile              Translocation                3
   e - Teleport Other                 Translocation                3
   f - Passage of Golubria            Translocation                4
Comestibles
 e - 2 bread rations


   Skills:
 - Level 3.2 Fighting
 + Level 8.4 Maces & Flails
 - Level 3.2 Armour
 - Level 3.6 Shields


You had 6 spell levels left.
You didn't know any spells.

Dungeon Overview and Level Annotations

Branches:
Dungeon (5/15)             Temple (1/1) D:4

Altars:
Dithmenos
Fedhas
Gozag
Kikubaaqudgha
Makhleb
Nemelex Xobeh
Okawaru
Ru
Sif Muna
Trog
Vehumet
Xom
Yredelemnul
The Shining One

Shops:
D:4 [

Annotations:
D:5 Menkaure


Innate Abilities, Weirdness & Mutations

You are under a permanent stasis effect.
You can dig through walls and to a lower floor.
Your four strong arms can wield two-handed weapons with a shield.
You have a pair of large antennae on your head (SInv).


Message History

The jelly hits you.
You are splashed with acid!
The acid burns!
* * * LOW HITPOINT WARNING * * *
You hit the jelly.
Your hands burn!
* * * LOW HITPOINT WARNING * * *
The jelly is severely wounded.
You block the jelly's attack.
You hit the jelly but do no damage.
Your hands burn!
* * * LOW HITPOINT WARNING * * *
The jelly is severely wounded.
The jelly hits you.
* * * LOW HITPOINT WARNING * * *
You are splashed with acid!
The acid corrodes you!
The acid burns!
* * * LOW HITPOINT WARNING * * *
You hit the jelly.
Your hands burn!
* * * LOW HITPOINT WARNING * * *
The jelly is almost dead.
The jelly hits you.
* * * LOW HITPOINT WARNING * * *
You are splashed with acid!
The acid burns!
You die...

....### #.....###...#.....#
......### #.....# #...#####..
.#.##...#######....######## ##..
#...#................# ### #...
#...#..#.(###........###.## #...
#.......#.#####....####...## #...
#...#...#..# ##....# #....(# ##..
#..........###.....# #<....# ##..
#...#...#.......@J.###.....###...
##.##...........##.##......#...##
###...#.###..#.##.##.##.##..#.#.
###............#.........####.#.
#......#####...........)...#....
##.............##..⌠...⌠..#>.....
##.....######...#.........#...##.
.......# #.#......>(..........
...###.# #...#.........#......


You could see a jelly.

Vanquished Creatures
  The ghost of Glider the Ruffian, an amateur TrMo of Qazlal (D:4)
  The ghost of Rex the Shield-Bearer, an amateur MiFi (D:3)
  A giant frog (D:4)
  A jelly (D:5)
  A worker ant (D:4)
  3 gnolls (D:3)
  2 adders
  An ooze (D:3)
  2 worms
  A giant gecko (D:2)
  8 bats
  3 giant cockroaches
  7 hobgoblins
  8 jackals
  11 kobolds
  2 ball pythons
  9 giant newts
  6 goblins
  2 quokkas (D:3)
  A quokka zombie (D:5)
  11 rats
82 creatures vanquished.

Notes
Turn   | Place    | Note
--------------------------------------------------------------
     0 | D:1      | Kloppie the Formicid Fighter began the quest for the Orb.
     0 | D:1      | Reached XP level 1. HP: 18/18 MP: 1/1
   223 | D:1      | Reached XP level 2. HP: 22/24 MP: 2/2
   738 | D:2      | Reached XP level 3. HP: 21/29 MP: 3/3
  1201 | D:2      | Reached XP level 4. HP: 18/35 MP: 4/4
  1222 | D:2      | Reached skill level 4 in Maces & Flails
  1632 | D:3      | Noticed Rex's ghost (amateur MiFi)
  1640 | D:3      | Killed Rex's ghost
  1640 | D:3      | Reached skill level 6 in Maces & Flails
  1640 | D:3      | Reached XP level 5. HP: 36/41 MP: 5/5
  1640 | D:3      | Reached XP level 6. HP: 41/47 MP: 6/6
  1878 | D:3      | Found a basalt altar of Yredelemnul.
  2284 | D:4      | Reached skill level 7 in Maces & Flails
  2284 | D:4      | Reached XP level 7. HP: 35/52 MP: 7/7
  2398 | D:4      | Noticed Glider's ghost (amateur TrMo)
  2511 | D:4      | Found a staircase to the Ecumenical Temple.
  2575 | Temple   | Entered the Ecumenical Temple
  2796 | Temple   | Became a worshipper of the Shining One
  2864 | D:4      | Killed Glider's ghost
  2864 | D:4      | Reached skill level 8 in Maces & Flails
  3037 | D:4      | Found Asiep's Antique Armour Shop.
  3184 | D:5      | Entered Level 5 of the Dungeon
  3332 | D:5      | Found an iron altar of Okawaru.
  3349 | D:5      | Noticed Menkaure
  3375 | D:5      | HP: 1/52 [centaur/arrow (13)]
  3677 | D:4      | Splashed by a jelly's acid

Action                   |  1- 3 |  4- 6 |  7- 9 || total
-------------------------+-------+-------+-------++-------
Melee: Flail             |   116 |   105 |    60 ||   281
  Use: Potion            |       |     1 |       ||     1
  Eat: Chunk             |     1 |     3 |       ||     4
       Bread ration      |       |       |     1 ||     1
       Pizza             |       |       |     1 ||     1
       Beef jerky        |       |       |     1 ||     1
